 Dungeon Crawl Stone Soup version 0.30-a0-187-gd9c2deaf24 (webtiles) character file.

Game seed: 1710344981077933965

77 Newt the Trooper (level 4, 0/37 HPs)
             Began as a Demonspawn Gladiator on Oct 3, 2022.
             Succumbed to a scorpion's poison
             ... on level 3 of the Dungeon.
             The game lasted 00:02:05 (1449 turns).

Newt the Trooper (Demonspawn Gladiator)             Turns: 1449, Time: 00:02:05

Health: 0/37       AC:  3    Str: 16    XL:     4   Next: 14%
Magic:  4/4        EV: 12    Int:  9    God:
Gold:   55         SH:  3    Dex: 15    Spells: 3/3 levels left

rFire   . . .      SeeInvis .    a - +0 rapier
rCold   . . .      Faith    .    l - +0 buckler
rNeg    . . .      Spirit   .    b - +0 leather armour
rPois   .          Reflect  .    (helmet restricted)
rElec   .          Harm     .    (no cloak)
rCorr   .          Rampage  .    (no gloves)
Will    .....                    (no boots)
Stlth   ++........               (no amulet)
HPRegen 0.26/turn                (no ring)
MPRegen 0.09/turn                (no ring)

@: lethally poisoned (0 -> -8)
A: antennae 2, demonic guardian 1
a: no special abilities


You were on level 3 of the Dungeon.
You visited 1 branch of the dungeon, and saw 3 of its levels.

You collected 55 gold pieces.

Inventory:

Hand Weapons
 a - a +0 rapier (weapon)
Missiles
 e - a javelin (quivered)
 f - 2 boomerangs
 h - 10 poisoned darts
Armour
 b - a +0 leather armour (worn)
 c - a +0 helmet
 l - a +0 buckler (worn)
 o - a +0 chain mail
Jewellery
 m - a ring of ice
Scrolls
 i - a scroll of teleportation
 k - a scroll of poison
Potions
 j - a potion of magic


   Skills:
 + Level 3.8 Fighting
 - Level 2.6 Short Blades
 - Level 1.7 Throwing
 - Level 2.6 Dodging
 - Level 2.0 Stealth


You had 3 spell levels left.
You didn't know any spells.
Your spell library contained the following spells:

 Spells                   Type           Power      Damage    Failure   Level
 Gell's Gravitas          Tloc           0%         N/A       90%         3
 Lesser Beckoning         Tloc           0%         N/A       90%         3
 Teleport Other           Tloc           0%         N/A       90%         3


Dungeon Overview and Level Annotations

Branches:
Dungeon (3/15)

Altars:


Innate Abilities, Weirdness & Mutations

You have a pair of antennae on your head.
A weak demonic guardian rushes to your aid.


Message History

You hit the scorpion but do no damage.
The scorpion is lightly wounded.
You feel very sick.
The scorpion struggles against the net. x2
The net rips apart, and the scorpion comes free!
You barely miss the scorpion.
The scorpion is lightly wounded.
You feel sick. The scorpion stings you.
* * * LOW HITPOINT WARNING * * *
Throw: throwing net
Press: ? - help, Q - select action, (/) - cycle Shift-Dir - straight line, f/p - scorpion
Aim: a scorpion (lightly wounded, 59% to hit)
You throw a throwing net. The throwing net hits the scorpion.
The scorpion is caught in the net!
The scorpion is lightly wounded.
You feel sick.
The scorpion struggles against the net. x2
You hit the scorpion but do no damage.
The scorpion is lightly wounded.
You feel sick.
The scorpion struggles against the net.
You hit the scorpion but do no damage.
The scorpion is lightly wounded.
You feel sick.
The scorpion struggles against the net.
You hit the scorpion.
The scorpion is moderately wounded.
You feel sick.
The scorpion struggles against the net.
The net rips apart, and the scorpion comes free!
The scorpion closely misses you.
You closely miss the scorpion.
The scorpion is moderately wounded.
You feel sick. The scorpion stings you.
* * * LOW HITPOINT WARNING * * *
A demonic guardian appears!
You are lethally poisoned!
The scorpion poisons you!
Unknown command.
Okay, then.
Okay, then.
You closely miss the scorpion.
The scorpion is lightly wounded.
You die...

# .# ##. ##.. #
##.. #######
#.####..#####.....#
#.................+
####..............#
.....>.@.....<....+
####?5.s#####.....#
#....# ####..#
#....# .# #....# #
+....# ##...# +...+


You could see a scorpion (ally target) and a friendly iron imp (summoned).

Vanquished Creatures
  A hound (D:2)
  2 adders (D:2)
  A dart slug (D:1)
  3 ball pythons
  2 endoplasms (D:1)
  A giant cockroach (D:1)
  2 goblins
  3 hobgoblins (D:1)
  3 kobolds (D:1)
  A quokka (D:1)
  3 bats (D:1)
  3 frilled lizards (D:1)
  5 rats
30 creatures vanquished.

Vanquished Creatures (others)
  A fungus (D:2)
1 creature vanquished.

Grand Total: 31 creatures vanquished

Notes
Turn   | Place    | Note
-------+----------+-------------------------------------------
     0 | D:1      | Newt the Demonspawn Gladiator began the quest for the Orb.
     0 | D:1      | Reached XP level 1. HP: 16/16 MP: 1/1
    22 | D:1      | Reached skill level 1 in Stealth
   132 | D:1      | Gained mutation: You have a pair of small antennae on your
                  | head. [demonic ancestry]
   132 | D:1      | Reached XP level 2. HP: 21/22 MP: 2/2
  1063 | D:2      | Gained mutation: You have a pair of antennae on your head.
                  | [demonic ancestry]
  1063 | D:2      | Reached XP level 3. HP: 22/28 MP: 3/3
  1117 | D:2      | Reached skill level 3 in Fighting
  1154 | D:2      | Gained mutation: A weak demonic guardian rushes to your
                  | aid. [demonic ancestry]
  1154 | D:2      | Reached XP level 4. HP: 19/37 MP: 4/4
  1252 | D:2      | Found a faded altar of an unknown god.
  1429 | D:3      | Noticed a scorpion
  1449 | D:3      | Succumbed to a scorpion's poison

Illustrated notes

Levels and vault maps discovered:
D:1:      dpeg_arrival_stonehenge_12_columns, layout_loops_ring,
          minmay_pentomino_v2
D:2:      layout_basic, shapermc_ecumenical_altar_acropolis
D:3:      layout_basic, uniq_grinder, uniq_jessica, uniq_ijyb

Skill      XL: |  1  2  3 |
---------------+----------+-----
Stealth        | 1 2 |  2.0
Fighting       | 3 |  3.8
Short Blades   | |  2.6
Throwing       | |  1.7
Dodging        | |  2.6

Action                   |  1- 3 |  4- 6 || total
-------------------------+-------+-------++-------
Melee: Rapier            |    90 |    18 ||   108
       Punch             |     1 |       ||     1
Throw: Throwing net      |     3 |     2 ||     5
  Use: Potion            |     4 |       ||     4
       Scroll            |     2 |       ||     2
 Stab: Sleeping          |     5 |     1 ||     6
Armor: Leather armour    |    24 |     4 ||    28
Dodge: Dodged            |    74 |     6 ||    80
Block: Buckler           |     3 |       ||     3

Table legend: (Time is in decaauts)
 A = Elapsed time spent in this place.
 B = Non-inter-level travel time spent in this place.
 C = Inter-level travel time spent in this place.
 D = Time resting spent in this place.
 E = Time spent auto-exploring this place.
 F = Levels seen in this place.
 G = Mean time per level.
                   A        B        C        D        E       F      G
               +--------+--------+--------+--------+--------+-----+--------+
         Total |   1476 |   1410 |     66 |    103 |    994 |   3 |  492.0 |
       Dungeon |   1476 |   1410 |     66 |    103 |    994 |   3 |  492.0 |
               +--------+--------+--------+--------+--------+-----+--------+

Top non-repeatable levels by time:
     D:1: 818 daAuts
     D:2: 634 daAuts
     D:3: 24 daAuts
